 Dungeon Crawl Stone Soup version 0.29-a0-231-g945431f764 (webtiles) character file.

Game seed: 1923497879892787986

121 Morbidden the Bolt Thrower (level 4, -4/34 HPs)
             Began as a Demonspawn Hunter on Feb 28, 2022.
             Killed from afar by an orc wizard (7 damage)
             ... with a magic dart
             ... on level 3 of the Dungeon.
             The game lasted 00:01:45 (2619 turns).

Morbidden the Bolt Thrower (Demonspawn Hunter)      Turns: 2619, Time: 00:01:46

Health: -4/34      AC:  4    Str: 15    XL:     4   Next: 77%
Magic:  4/4        EV: 11    Int: 12    God:
Gold:   95         SH:  0    Dex: 13    Spells: 3/3 levels left

rFire   . . .      SeeInvis .   a - +1 hand crossbow
rCold   . . .      Faith    .   (no shield)
rNeg    . . .      Spirit   .   b - +0 leather armour
rPois   .          Reflect  .   (no helmet)
rElec   .          Harm     .   i - +0 cloak
rCorr   .          Rampage  .   (no gloves)
Will    .....                   (no boots)
Stlth   +.........              h - amulet of the acrobat
HPRegen 0.11/turn               (no ring)
MPRegen 0.09/turn               (no ring)

@: no status effects
A: condensation shield
a: no special abilities


You were on level 3 of the Dungeon.
You visited 1 branch of the dungeon, and saw 3 of its levels.

You collected 95 gold pieces.

Inventory:

Hand Weapons
 a - a +1 hand crossbow (weapon)
Missiles
 j - 6 boomerangs
Armour
 b - a +0 leather armour (worn)
 i - a +0 cloak (worn)
Jewellery
 h - an amulet of the acrobat (around neck)
Scrolls
 c - 2 scrolls of amnesia {unknown}
 f - a scroll of magic mapping {unknown}
 g - 2 scrolls of vulnerability {unknown}
Potions
 d - 2 potions of curing
 e - 2 potions of degeneration {unknown}


   Skills:
 + Level 2.6 Fighting
 + Level 5.1 Crossbows
 + Level 0.7 Armour
 + Level 1.9 Dodging
 + Level 1.0 Stealth


You had 3 spell levels left.
You didn't know any spells.
Your spell library was empty.

Dungeon Overview and Level Annotations

Branches:
Dungeon (3/15)

Altars:


Innate Abilities, Weirdness & Mutations

A meltable shield of frost defends you. (SH +0)


Message History

The orc wizard points at you and mumbles some strange words.
The puff of flame misses you.
You closely miss the orc wizard.
The orc wizard is moderately wounded.
The orc wizard hits you but does no damage.
You hit the orc wizard.
The orc wizard is moderately wounded.
The orc wizard hits you with a +0 dagger.
* * * LOW HITPOINT WARNING * * *
Unknown command.
The orc wizard closely misses you.
There is a shaft here.
Unknown command.
The orc wizard casts a spell at you. You resist with some effort.
Unknown command.
You barely miss the orc wizard.
The orc wizard is moderately wounded.
The orc wizard barely misses you.
You hit the orc wizard but do no damage.
The orc wizard is moderately wounded.
The orc wizard hits you with a +0 dagger.
* * * LOW HITPOINT WARNING * * *
You hit the orc wizard.
The orc wizard is heavily wounded.
The orc wizard hits you with a +0 dagger.
* * * LOW HITPOINT WARNING * * *
You hit the orc wizard but do no damage.
The orc wizard is heavily wounded.
The orc wizard hits you with a +0 dagger.
* * * LOW HITPOINT WARNING * * *
Unknown command.
You closely miss the orc wizard.
The orc wizard is heavily wounded.
The orc wizard hits you but does no damage.
Unknown command.
a - a +1 hand crossbow (weapon)
The orc wizard casts a spell at you. The magic dart hits you!
You die...

#.##.#.###
#.##.#.#
#......#
#####
######.###
...#
##...##.#
#.###......)#
#.).†.....###
#.###..o..#
..)...).#
##@^.##
...######
#####


You could see an orc wizard.

Vanquished Creatures
  Crazy Yiuf (D:2)
  An orc wizard (D:3)
  2 adders
  A dart slug (D:1)
  2 orcs (D:3)
  3 ball pythons
  6 endoplasms
  2 giant cockroaches
  3 goblins (D:2)
  4 hobgoblins
  2 quokkas
  7 bats
  A frilled lizard (D:2)
  7 kobolds
  4 rats (D:1)
46 creatures vanquished.

Notes
Turn   | Place    | Note
-------+----------+-------------------------------------------
     0 | D:1      | Morbidden the Demonspawn Hunter began the quest for the
                  | Orb.
     0 | D:1      | Reached XP level 1. HP: 16/16 MP: 1/1
   374 | D:1      | Reached skill level 4 in Crossbows
   374 | D:1      | Gained mutation: A meltable shield of frost defends you.
                  | (SH +0) [demonic ancestry]
   374 | D:1      | Reached XP level 2. HP: 22/22 MP: 2/2
   939 | D:1      | Found a faded altar of an unknown god.
  1239 | D:2      | Reached skill level 1 in Stealth
  1239 | D:2      | Reached XP level 3. HP: 24/27 MP: 3/3
  1865 | D:2      | Found a runed translucent door.
  1866 | D:2      | Noticed Crazy Yiuf
  2201 | D:2      | Killed Crazy Yiuf
  2202 | D:2      | Reached XP level 4. HP: 7/33 MP: 4/4
  2503 | D:3      | Reached skill level 5 in Crossbows
  2619 | D:3      | Killed from afar by an orc wizard

Illustrated notes

Levels and vault maps discovered:
D:1:      matt_arrival_refuge, layout_basic,
          shapermc_ecumenical_altar_mp_ritualfount
D:2:      layout_basic, uniq_crazy_yiuf_cottage
D:3:      layout_loops_cross, uniq_ijyb

Skill      XL: |  1  2  3  4 |
---------------+-------------+-----
Crossbows      | 4 5 |  5.1
Stealth        | 1 |  1.0
Fighting       | |  2.6
Armour         | |  0.7
Dodging        | |  1.9

Action                   |  1- 3 |  4- 6 || total
-------------------------+-------+-------++-------
Melee: Unarmed           |       |    15 ||    15
       Punch             |       |     1 ||     1
 Fire: Hand crossbow     |   110 |    27 ||   137
  Use: Potion            |     1 |       ||     1
Armor: Leather armour    |    11 |    14 ||    25
Dodge: Dodged            |    22 |    12 ||    34
Block: Other             |     5 |     2 ||     7

Table legend: (Time is in decaauts)
 A = Elapsed time spent in this place.
 B = Non-inter-level travel time spent in this place.
 C = Inter-level travel time spent in this place.
 D = Time resting spent in this place.
 E = Time spent auto-exploring this place.
 F = Levels seen in this place.
 G = Mean time per level.
                   A        B        C        D        E       F      G
               +--------+--------+--------+--------+--------+-----+--------+
         Total |   2647 |   2605 |     42 |      0 |   2284 |   3 |  882.3 |
       Dungeon |   2647 |   2605 |     42 |      0 |   2284 |   3 |  882.3 |
               +--------+--------+--------+--------+--------+-----+--------+

Top non-repeatable levels by time:
     D:2: 1361 daAuts
     D:1: 1137 daAuts
     D:3: 148 daAuts
